 Dungeon Crawl Stone Soup version 0.17.2 (webtiles) character file.

217 Goblin1989 the Insei (level 5, -2/41 HPs)
             Began as a Demonspawn Monk on June 19, 2016.
             Slain by a slave (5 damage)
             ... led by Pikel
             ... on level 4 of the Dungeon.
             The game lasted 00:07:41 (3465 turns).

Goblin1989 the Insei (Demonspawn Monk)              Turns: 3465, Time: 00:07:41

Health: -2/41      AC: 10    Str: 12      XL:     5   Next: 62%
Magic:  5/5        EV: 14    Int: 12      God:
Gold:   194        SH:  0    Dex: 17 (20) Spells: 0 memorised, 4 levels left

rFire  . . .     SeeInvis .       - Unarmed
rCold  . . .     Clarity  .     q - +0 chain mail
rNeg   . . .     SustAt   .     (no shield)
rPois  .         Gourm    .     t - +0 helmet
rElec  .         Spirit   .     u - +0 cloak
rCorr  .         Warding  .     (no gloves)
rMut   .         Stasis   .     (no boots)
MR     .....                    (no amulet)
Stlth  +.........               (no ring)
                                (no ring)

@: agile, very slightly contaminated, invisible, not resistant to hostile
enchantments, very unstealthy
A: repulsion field 2, nightstalker 1
a: no special abilities


You were on level 4 of the Dungeon.
You were hungry.

You visited 1 branch of the dungeon, and saw 4 of its levels.

You collected 194 gold pieces.

Inventory:

Hand Weapons
 e - a +0 hunting sling
Missiles
 c - 190 stones (quivered)
 f - 4 needles of sleeping
Armour
 q - a +0 chain mail (worn)
 t - a +0 helmet (worn)
 u - a +0 cloak (worn)
Jewellery
 s - an uncursed ring of ice {unknown}
Scrolls
 d - a scroll of amnesia {unknown}
 h - a scroll of enchant armour {unknown}
 i - 2 scrolls of identify {unknown}
 m - a scroll of teleportation {unknown}
 n - a scroll of fear {unknown}
 r - 4 scrolls of remove curse {unknown}
Potions
 k - 2 potions of invisibility
Comestibles
 b - 4 bread rations
 l - a slice of pizza
 p - a fruit
 v - a beef jerky
 w - 2 chunks of flesh


   Skills:
 - Level 3.0 Fighting
 - Level 2.6 Dodging
 - Level 1.7 Stealth
 + Level 6.3 Unarmed Combat


You had 4 spell levels left.
You didn't know any spells.

Dungeon Overview and Level Annotations

Branches:
Dungeon (4/15)             Temple (0/1) D:4

Altars:
Elyvilon
Fedhas
Nemelex Xobeh
Qazlal
Sif Muna


Innate Abilities, Weirdness & Mutations

You are surrounded by a moderate repulsion field (EV +3).
You are slightly more attuned to the shadows.


Message History

You hit the slave but do no damage. The slave hits you.
* * * LOW HITPOINT WARNING * * *
You take 3 damage, and have 2/41 hp.
You barely miss the slave.
You are feeling hungry.
The slave hits you but does no damage.
You strike the helpless slave from behind!
You hit the slave but do no damage.
Your chain mail prevents you from hitting the slave.
The slave closely misses you.
Your chain mail prevents you from hitting the slave.
The slave hits you but does no damage.
You hit the slave. The slave hits you but does no damage.
You closely miss the slave. Your punch misses the slave. The slave misses you.
You miss the slave. The slave misses you.
You strike the helpless slave from behind!
You hit the slave. The slave barely misses you.
You hit the slave. The slave misses you.
You miss the slave. The slave hits you.
You die...

..............
######'#######
#.# #.# #.# #.#
#### #O# ...# #p#
##.# #@# #.# #.#
#.# #.# #.# #.#
#.#############.#
#...............#
###############.#
###


You could see an ogre and a slave.

Vanquished Creatures
  A hound (D:4)
  Natasha (D:4)
  9 adders
  2 oozes
  3 worms
  A giant gecko (D:3)
  3 orcs
  4 bats
  10 goblins
  7 hobgoblins
  2 jackals (D:2)
  4 kobolds
  2 quokkas (D:2)
  A ball python (D:3)
  3 giant cockroaches
  A giant gecko skeleton (D:4)
  8 giant newts
  10 rats
72 creatures vanquished.

Notes
Turn   | Place    | Note
--------------------------------------------------------------
     0 | D:1      | Goblin1989 the Demonspawn Monk began the quest for the Orb.
     0 | D:1      | Reached XP level 1. HP: 18/18 MP: 1/1
   562 | D:1      | Reached skill level 4 in Unarmed Combat
   580 | D:1      | Gained mutation: You are surrounded by a mild repulsion field (EV +2). [demonic ancestry]
   580 | D:1      | Reached XP level 2. HP: 21/24 MP: 2/2
   973 | D:1      | Gained mutation: You are surrounded by a moderate repulsion field (EV +3). [demonic ancestry]
   973 | D:1      | Reached XP level 3. HP: 29/29 MP: 3/3
  1264 | D:2      | Found a stormy altar of Qazlal.
  1542 | D:2      | Reached skill level 5 in Unarmed Combat
  1721 | D:2      | Found a deep blue altar of Sif Muna.
  1767 | D:2      | Reached XP level 4. HP: 9/35 MP: 4/4
  2495 | D:2      | HP: 1/35 [orc/dagger (3)]
  2877 | D:3      | Found a white marble altar of Elyvilon.
  2897 | D:3      | Gained mutation: You are slightly more attuned to the shadows. [demonic ancestry]
  2897 | D:3      | Reached XP level 5. HP: 31/41 MP: 5/5
  3082 | D:3      | Found a sparkling altar of Nemelex Xobeh.
  3255 | D:4      | Noticed Natasha
  3267 | D:4      | Killed Natasha
  3267 | D:4      | Reached skill level 6 in Unarmed Combat
  3354 | D:4      | Found a blossoming altar of Fedhas.
  3363 | D:4      | Found a staircase to the Ecumenical Temple.
  3365 | D:4      | Noticed an ogre
  3368 | D:4      | Noticed a slave
  3455 | D:4      | HP: 2/41 [slave[Pikel] (3)]
  3465 | D:4      | Slain by a slave

Action                   |  1- 3 |  4- 6 || total
-------------------------+-------+-------++-------
Melee: Unarmed           |   141 |   207 ||   348
  Use: Potion            |     1 |     5 ||     6
 Stab: Sleeping          |     9 |     2 ||    11
       Invisible         |       |     7 ||     7
  Eat: Chunk             |     3 |     5 ||     8
